 Dungeon Crawl Stone Soup version 0.28-a0-1629-gf728b707aa (webtiles) character file.

Game seed: 9934516370014099713

12 HallandMoats the Skirmisher (level 2, -2/26 HPs)
             Began as a Ghoul Fighter on Jan 24, 2022.
             Was a Follower of Kikubaaqudgha.
             Slain by a kobold (5 damage)
             ... on level 1 of the Dungeon.
             The game lasted 00:00:43 (265 turns).

HallandMoats the Skirmisher (Ghoul Fighter)          Turns: 265, Time: 00:00:43

Health: -2/26      AC:  7    Str: 19    XL:     2   Next: 33%
Magic:  1/1        EV:  9    Int:  3    God:    Kikubaaqudgha [*.....]
Gold:   27         SH:  4    Dex:  8    Spells: 1/1 levels left

rFire   . . .      SeeInvis .   a - +0 long sword
rCold   + . .      Faith    .   c - +0 buckler
rNeg    + + +      Spirit   .   b - +0 scale mail
rPois   ∞          Reflect  .   f - +0 helmet
rElec   .          Harm     .   (no cloak)
rCorr   .          Rampage  .   (no gloves)
Will    .....                   (no boots)
Stlth   ..........              (no amulet)
HPRegen 0.00/turn               (no ring)
MPRegen 0.07/turn               (no ring)

@: inhibited regen
A: claws 1, cold resistance 1, negative energy resistance 3, inhibited
regeneration, torment resistance 2
a: Renounce Religion, Receive Corpses


You were on level 1 of the Dungeon.
You worshipped Kikubaaqudgha.
Kikubaaqudgha was aware of your devotion.
You visited 1 branch of the dungeon, and saw 1 of its levels.

You collected 27 gold pieces.

Inventory:

Hand Weapons
 a - a +0 long sword (weapon)
Armour
 b - a +0 scale mail (worn)
 c - a +0 buckler (worn)
 f - a +0 helmet (worn)
Scrolls
 g - a scroll of acquirement {unknown}
 h - a scroll of identify {unknown}
Potions
 d - a potion of might
 e - a potion of lignification {unknown}


   Skills:
 * Level 3.5 Fighting
 * Level 2.1 Long Blades
 + Level 2.7 Armour
 + Level 0.3 Dodging
 + Level 2.8 Shields


You had one spell level left.
You didn't know any spells.
Your spell library contained the following spells:

 Spells                   Type           Power      Damage    Failure   Level
 Animate Skeleton         Necr           0%         N/A       94%         1
 Pain                     Necr           0%         1d4       94%         1
 Vampiric Draining        Necr           0%         2d6       100%        3
 Agony                    Necr           0%         N/A       100%        5


Dungeon Overview and Level Annotations

Branches:
Dungeon (1/15)

Altars:
Kikubaaqudgha


Innate Abilities, Weirdness & Mutations

You thrive by killing the living.
You are immune to poison.
You have sharp fingernails.
Your flesh is cold resistant. (rC+)
You are immune to negative energy. (rN+++)
You do not regenerate when monsters are visible.
You are immune to unholy pain and torment.


Message History

The kobold closely misses you.
The kobold hits you with a +0 short sword.
The kobold hits you but does no damage.
The kobold hits you with a +0 short sword.
The kobold hits you but does no damage.
The kobold hits you with a +0 short sword.
The kobold closely misses you.
The kobold hits you with a +0 short sword.
The kobold hits you but does no damage.
The kobold hits you with a +0 short sword.
The kobold closely misses you. The kobold barely misses you.
The kobold barely misses you. The kobold closely misses you.
The kobold hits you with a +0 short sword.
The kobold barely misses you. You block the kobold's attack.
The kobold hits you but does no damage.
The kobold hits you with a +0 short sword.
The kobold closely misses you.
The kobold hits you with a +0 short sword.
The kobold barely misses you.
The kobold hits you with a +0 short sword.
* * * LOW HITPOINT WARNING * * *
The kobold closely misses you. The kobold hits you but does no damage.
The kobold barely misses you.
The kobold hits you with a +0 short sword.
* * * LOW HITPOINT WARNING * * *
You block the kobold's attack.
The kobold hits you with a +0 short sword.
* * * LOW HITPOINT WARNING * * *
The kobold hits you with a +0 short sword.
* * * LOW HITPOINT WARNING * * *
The kobold barely misses you. The kobold completely misses you.
The kobold closely misses you.
The kobold hits you with a +0 short sword.
You die...
Kikubaaqudgha rasps: "You have failed me!
Welcome... oblivion!"

............#
##+#.########### .....#
.......######
.....##+###..........#
..........#..........#
..........#..........#
...#......#..........#
...#......#......K...#
...'......#.....@....##
...#......####+.##.##.##
...#...........#.....#.##
...#..###...#.#.......#.##
#'##..# #....#.........#.#
#.##..# #...#.....≈.....#
#.##..###...#....≈_≈....#
........+...#....≈.≈....#
####..###...#.....≈.....#


You could see a kobold.

Vanquished Creatures
  2 dart slugs (D:1)
  An endoplasm (D:1)
  2 giant cockroaches (D:1)
  A ball python (D:1)
  2 kobolds (D:1)
8 creatures vanquished.

Notes
Turn   | Place    | Note
-------+----------+-------------------------------------------
     0 | D:1      | HallandMoats the Ghoul Fighter began the quest for the Orb.
     0 | D:1      | Reached XP level 1. HP: 19/19 MP: 0/0
   166 | D:1      | Reached XP level 2. HP: 26/26 MP: 1/1
   209 | D:1      | Found a faded altar of an unknown god.
   222 | D:1      | Prayed at the altar of an unknown god.
   222 | D:1      | Became a worshipper of Kikubaaqudgha
   222 | D:1      | Reached * piety under Kikubaaqudgha
   222 | D:1      | Received a gift from Kikubaaqudgha
   265 | D:1      | Slain by a kobold

Illustrated notes

Levels and vault maps discovered:
D:1:      sevenhm_arrival_forest_fort_small_4, layout_basic,
          shapermc_ecumenical_altar_starsandcircs

Skill      XL: |  1 |
---------------+----+-----
Long Blades    | 2 |  2.1
Fighting       | |  3.5
Armour         | |  2.7
Dodging        | |  0.3
Shields        | |  2.8

Action                   || total
-------------------------++-------
Melee: Long sword        ||    18
Armor: Scale mail        ||    15
Dodge: Dodged            ||    24
Block: Buckler           ||     4

Table legend: (Time is in decaauts)
 A = Elapsed time spent in this place.
 B = Non-inter-level travel time spent in this place.
 C = Inter-level travel time spent in this place.
 D = Time resting spent in this place.
 E = Time spent auto-exploring this place.
 F = Levels seen in this place.
 G = Mean time per level.
                   A        B        C        D        E       F      G
               +--------+--------+--------+--------+--------+-----+--------+
         Total |    275 |    272 |      3 |      0 |    143 |   1 |  275.0 |
       Dungeon |    275 |    272 |      3 |      0 |    143 |   1 |  275.0 |
               +--------+--------+--------+--------+--------+-----+--------+

Top non-repeatable levels by time:
     D:1: 275 daAuts
